 Dungeon Crawl Stone Soup version 0.21.1-1-g345015f (webtiles) character file.

113 Fang the Skirmisher (level 4, -1/29 HPs)
             Began as a Gargoyle Berserker on May 13, 2018.
             Was a Believer of Trog.
             Slain by an orc wizard
             ... wielding a +0 dagger
              (2 damage)
             ... on level 3 of the Dungeon.
             The game lasted 00:03:10 (1971 turns).

Fang the Skirmisher (Gargoyle Berserker)            Turns: 1971, Time: 00:03:11

Health: -1/29      AC:  5    Str: 21    XL:     4   Next: 96%
Magic:  4/4        EV: 12    Int:  8    God:    Trog [**....]
Gold:   93         SH:  0    Dex:  9    Spells: 3/3 levels left

rFire    . . .     SeeInvis .   a - +2 hand axe
rCold    . . .     Gourm    +   (no shield)
rNeg     + . .     Faith    .   b - +0 animal skin
rPois    ∞         Spirit   .   (no helmet)
rElec    +         Reflect  .   (no cloak)
rCorr    .         Harm     .   (no gloves)
MR       .....                  (no boots)
Stlth    +.........             g - amulet of the gourmand
HPRegen  0.09/turn              (no ring)
MPRegen  0.09/turn              (no ring)

@: no status effects
A: negative energy resistance 1, electricity resistance, unbreathing,
petrification resistance, rot immunity, AC +3
a: Berserk, Trog's Hand, Burn Spellbooks, Renounce Religion


You were on level 3 of the Dungeon.
You worshipped Trog.
Trog was pleased with you.
You were very hungry.

You visited 1 branch of the dungeon, and saw 3 of its levels.

You collected 93 gold pieces.

Inventory:

Hand Weapons
 a - a +2 hand axe (weapon)
Armour
 b - a +0 animal skin (worn)
Jewellery
 g - an amulet of the gourmand (around neck)
Potions
 f - 2 potions of curing
 i - a potion of flight {unknown}
 l - a potion of berserk rage {unknown}
 n - a potion of heal wounds {unknown}
Comestibles
 c - 2 rations


   Skills:
 + Level 4.0 Fighting
 + Level 3.9 Axes
 + Level 2.3 Armour
 + Level 2.2 Dodging
 + Level 0.8 Stealth


You had 3 spell levels left.
You didn't know any spells.

Dungeon Overview and Level Annotations

Branches:
Dungeon (3/15)

Altars:


Innate Abilities, Weirdness & Mutations

You are resistant to torment.
Your stone body is resilient. (AC +3)
You are immune to poison.
You resist negative energy. (rN+)
You are resistant to electric shocks. (rElec)
You can survive without breathing.
You are immune to petrification.
You are immune to rotting.


Message History

An orc wizard comes into view. It is wielding a dagger of venom.
You feel less confused.
The orc priest calls upon Beogh to heal the orc wizard.
The orc wizard's wounds heal themselves!
The orc wizard hits you with a dagger.
* * * LOW HITPOINT WARNING * * *
Unknown command.
You feel better.
The orc priest hits you with a hand axe.
The orc wizard hits you with a dagger.
* * * LOW HITPOINT WARNING * * *
The orc hits you.
* * * LOW HITPOINT WARNING * * *
An orc comes into view.
The orc wizard misses you. The orc hits you.
* * * LOW HITPOINT WARNING * * *
The orc priest hits you with a hand axe.
* * * LOW HITPOINT WARNING * * *
The orc wizard hits you with a dagger.
You die...

..........
+#........
........#
....... ..
..... #..
...# ....
#..# .....
#@##+#.....
#ooo†.oo...
##.........
#.)....##.
#.........
#.......#.
#......#..
'...%.#.#.
.#........#


You could see an orc priest, 2 orc wizards and 2 orcs.

Vanquished Creatures
  3 adders
  An ooze (D:2)
  A worm (D:1)
  2 dart slugs
  A leopard gecko (D:1)
  2 orcs (D:3)
  A ball python (D:1)
  4 giant cockroaches
  7 goblins
  7 hobgoblins
  13 jackals
  9 kobolds
  6 bats
  A frilled lizard (D:1)
  3 rats
61 creatures vanquished.

Notes
Turn   | Place    | Note
-------+----------+-------------------------------------------
     0 | D:1      | Fang the Gargoyle Berserker began the quest for the Orb.
     0 | D:1      | Reached XP level 1. HP: 14/14 MP: 1/1
   172 | D:1      | You fall through a shaft!
   380 | D:2      | Reached XP level 2. HP: 5/19 MP: 2/2
   711 | D:2      | Reached XP level 3. HP: 14/24 MP: 3/3
  1286 | D:1      | Reached ** piety under Trog
  1302 | D:1      | Reached skill level 4 in Fighting
  1311 | D:1      | Reached XP level 4. HP: 29/29 MP: 4/4
  1970 | D:3      | HP: 1/29 [orc priest/hand axe (5)]
  1971 | D:3      | Slain by an orc wizard

Skill      XL: |  1  2  3 |
---------------+----------+-----
Axes           | 3 |  3.9
Dodging        | 2 |  2.2
Fighting       | 4 |  4.0
Armour         | |  2.3
Stealth        | |  0.8

Action                   |  1- 3 |  4- 6 || total
-------------------------+-------+-------++-------
Melee: Hand axe          |   113 |   118 ||   231
Invok: Berserk           |     2 |       ||     2
  Use: Scroll            |       |     7 ||     7
       Potion            |       |     1 ||     1
  Eat: Chunk             |     3 |     2 ||     5
Armor: Animal skin       |    46 |    62 ||   108
Dodge: Dodged            |    84 |   106 ||   190
